 Dungeon Sprint DCSS version 0.30-a0-123-g91d0c66ccf (webtiles) character file.

Game seed: 5637508654262708665

49 mhtbhm the Digger (level 3, -5/20 HPs)
             Began as a Gargoyle Earth Elementalist on Sept 17, 2022.
             Slain by a water elemental (15 damage)
             ... in the Dungeon (Sprint III: "The Ten Rune Challenge").
             The game lasted 00:01:20 (601 turns).

mhtbhm the Digger (Gargoyle Earth Elementalist)      Turns: 601, Time: 00:01:20

Health: -5/20      AC:  6    Str: 11    XL:     3   Next: 77%
Magic:  3/8        EV: 12    Int: 17    God:
Gold:   22         SH:  0    Dex: 10    Spells: 3/9 levels left

rFire   + . .      SeeInvis .    j - +2 quarterstaff (chaos)
rCold   . . .      Faith    .    (shield currently unavailable)
rNeg    + . .      Spirit   .    a - +0 robe
rPois   ∞          Reflect  .    (no helmet)
rElec   +          Harm     .    i - +0 cloak
rCorr   .          Rampage  .    (no gloves)
Will    .....      NoTele   +    (no boots)
Stlth   ++........               (no amulet)
HPRegen 0.06/turn                h - ring of protection from fire
MPRegen 0.11/turn                (no ring)

@: no status effects
A: sickness immunity, AC +3, negative energy resistance 1, electricity
resistance, torment resistance 1, petrification resistance
a: no special abilities


You were in the Dungeon.
You visited 1 branch You collected 22 gold pieces.

Inventory:

Hand Weapons
 j - a +2 quarterstaff of chaos (weapon)
Armour
 a - a +0 robe (worn)
 i - a +0 cloak (worn)
Jewellery
 h - a ring of protection from fire (left hand)
Wands
 f - a wand of polymorph (1)
Scrolls
 g - a scroll of blinking
 k - 3 scrolls of poison {unknown}
 l - 3 scrolls of vulnerability {unknown}
 m - 2 scrolls of identify
Potions
 b - 4 potions of magic
 c - a potion of curing
 d - 2 potions of heal wounds
 e - 2 potions of haste
 n - 5 potions of mutation


   Skills:
 + Level 0.4 Fighting
 + Level 2.6 Dodging
 + Level 2.9 Stealth
 + Level 0.8 Unarmed Combat
 + Level 3.7 Spellcasting
 + Level 0.8 Transmutations
 + Level 7.0 Earth Magic


You had 3 spell levels left.
You knew the following spells:

 Your Spells              Type           Power      Damage    Failure   Level
a - Sandblast             Erth           54%        2d13      1%          1
b - Passwall              Tmut/Erth      13%        N/A       4%          2
c - Stone Arrow           Conj/Erth      30%        3d8       12%         3

Your spell library contained the following spells:

 Spells                   Type           Power      Damage    Failure   Level
 Petrify                  Tmut/Erth      16%        N/A       32%         4


Dungeon Overview and Level Annotations

Branches:
Dungeon (1/1)

Altars:


Innate Abilities, Weirdness & Mutations

You are immune to sickness and miasma.
Your stone body is resilient. (AC +3)
You are immune to poison.
You resist negative energy. (rN+)
You are resistant to electric shocks. (rElec)
You are resistant to unholy torment.
You are immune to petrification.


Message History

n - a potion of mutation
n - 2 potions of mutation (gained 1);
n - 4 potions of mutation (gained 2)
n - 5 potions of mutation (gained 1)
There is an open door here.
You enter the shallow water.
Moving in this stuff is going to be slow.
This spell is extremely dangerous to cast!
Memorise Stone Arrow, consuming 3 spell levels and leaving 3?
You start memorising the spell.
You continue memorising. x3
You finish memorising.
Spell assigned to 'c'.
You open the door.
A water elemental comes into view.
Casting: Sandblast (safe; 1% risk of failure)
Confirm with . or Enter, or press ? or * to list all spells.
The spell is extremely dangerous to miscast (12% risk of failure)!
Continue anyway?
Aiming: Stone Arrow (extremely dangerous; 12% risk of failure)
Press: ? - help, Shift-Dir - straight line, f - water elemental
Aim: a water elemental (81% to hit)
The stone arrow hits the water elemental!
The water elemental is moderately damaged.
Casting: Stone Arrow (extremely dangerous; 12% risk of failure)
Confirm with . or Enter, or press ? or * to list all spells.
Aiming: Sandblast (safe; 1% risk of failure)
Press: ? - help, Shift-Dir - straight line, f/p - water elemental
Aim: a water elemental (moderately damaged, 90% to hit)
The blast of sand hits the water elemental.
The water elemental is heavily damaged.
The water elemental hits you!
Ouch! That really hurt!
The water elemental barely misses you.
Casting: Sandblast (safe; 1% risk of failure)
Confirm with . or Enter, or press ? or * to list all spells.
Aiming: Sandblast (safe; 1% risk of failure)
Press: ? - help, Shift-Dir - straight line, f/p - water elemental
Aim: a water elemental (heavily damaged, 90% to hit)
The blast of sand hits the water elemental.
The water elemental is heavily damaged.
The water elemental hits you!
Ouch! That really hurt!
You die...

▓▓▓▓▓▓▓▓▓▓▓▓ ▓▓▓
<.#..'.....♣♣ ♣.#
..#..#....♣.♣ ♣.#
#'####.....♣♣ ♣.#
..g..#....~.♣♣ ♣.# #+#+#
.....#...~~♣♣.♣♣.#......
.....#..~~~~♣♣..@E.⌠....
####'#..~≈≈~~~♣..#...###
...÷.#.~~≈~~~....# ⌠.#
.....#.~≈~~~.....# .#
.....#.~~~.......# #
'#####...........#
.................#
▓▓▓▓▓▓▓▓▓▓▓▓▓▓▓▓▓▓


You could see a water elemental.

Vanquished Creatures
  Crazy Yiuf (D)
  A human (D)
  An endoplasm (D)
  3 rats (D)
6 creatures vanquished.

Notes
Turn   | Place    | Note
-------+----------+-------------------------------------------
     0 | D        | mhtbhm the Gargoyle Earth Elementalist began the quest for
                  | the Orb.
     0 | D        | Reached XP level 1. HP: 10/10 MP: 3/3
     5 | D        | Reached skill level 4 in Earth Magic
   134 | D        | Reached skill level 5 in Earth Magic
   134 | D        | Reached XP level 2. HP: 8/15 MP: 3/6
   252 | D        | Learned a level 2 spell: Passwall
   254 | D        | Noticed Crazy Yiuf
   325 | D        | Killed Crazy Yiuf
   326 | D        | Reached skill level 7 in Earth Magic
   326 | D        | Reached XP level 3. HP: 10/20 MP: 4/8
   597 | D        | Learned a level 3 spell: Stone Arrow
   598 | D        | Noticed a water elemental
   601 | D        | Slain by a water elemental

Illustrated notes

Levels and vault maps discovered:
D:        dungeon_sprint_mu [sprint_mu_entry_forest, sprint_mu_temple_rooms,
          sprint_mu_d1_horrors, sprint_mu_d2_genie, sprint_mu_d3_branching,
          sprint_mu_orc_legion, sprint_mu_elf_gauntlet, sprint_mu_hive_nellie,
          sprint_mu_lair_fedhas, sprint_mu_vaults_butterflies,
          sprint_mu_slime_circle, sprint_mu_swamp_cave, sprint_mu_snake_twists,
          sprint_mu_blade_basic, sprint_mu_crypt_fortress,
          sprint_mu_tomb_spiral, sprint_mu_vestibule_basic,
          sprint_mu_gehenna_hellfire, sprint_mu_dis_giant,
          sprint_mu_tartarus_statrot, sprint_mu_cocytus_islands, sprint_mu_zot1]

Skill      XL: |  1  2 |
---------------+-------+-----
Dodging        | 2 |  2.6
Earth Magic    | 5 7 |  7.0
Spellcasting   | 3 |  3.7
Fighting       | |  0.4
Stealth        | |  2.9
Unarmed Combat | |  0.8
Transmutations | |  0.8

Action                   || total
-------------------------++-------
Melee: Unarmed           ||    17
       Punch             ||     1
 Cast: Sandblast         ||    11
       Stone Arrow       ||     1
  Use: Potion            ||     1
Armor: Robe              ||     3
Dodge: Dodged            ||     9

Table legend: (Time is in decaauts)
 A = Elapsed time spent in this place.
 B = Non-inter-level travel time spent in this place.
 C = Inter-level travel time spent in this place.
 D = Time resting spent in this place.
 E = Time spent auto-exploring this place.
 F = Levels seen in this place.
 G = Mean time per level.
                   A        B        C        D        E       F      G
               +--------+--------+--------+--------+--------+-----+--------+
         Total |    608 |    608 |      0 |    409 |      1 |   1 |  608.0 |
       Dungeon |    608 |    608 |      0 |    409 |      1 |   1 |  608.0 |
               +--------+--------+--------+--------+--------+-----+--------+

Top non-repeatable levels by time:
       D: 608 daAuts
